 Dungeon Crawl Stone Soup version 0.30-a0-2-gf48d83f5e2 (webtiles) character file.

Game seed: 8036375814287188485

86 enile the Magician (level 4, -3/33 HPs)
             Began as a Djinni Conjurer on Aug 20, 2022.
             Was an Initiate of Gozag.
             Shot with an arrow by a centaur (12 damage)
             ... on level 3 of the Dungeon.
             The game lasted 00:02:06 (2784 turns).

enile the Magician (Djinni Conjurer)                Turns: 2784, Time: 00:02:07

Health: -3/33      AC:  2    Str:  6    XL:     4   Next: 77%
Gold:   265        EV: 12    Int: 22    God:    Gozag SH:  5 Dex: 11

rFire   + + .      SeeInvis +    i - +0 short sword (speed)
rCold   x . .      Faith    .    (no shield)
rNeg    . . .      Spirit   .    a - +0 robe
rPois   ∞          Reflect  +    (no helmet)
rElec   .          Harm     .    (no cloak)
rCorr   .          Rampage  .    (no gloves)
Will    .....                    (boots unavailable)
Stlth   ++........               g - amulet of reflection
HPRegen 0.11/turn                s - ring of see invisible
MPRegen 0.00/turn                (no ring)

@: flying
A: sickness immunity, fire resistance 2, cold vulnerability 1, float, innate
caster, HP casting, extra vitality 1
a: Renounce Religion, Potion Petition, Call Merchant, Bribe Branch


You were on level 3 of the Dungeon.
You worshipped Gozag.
Gozag was aware of your devotion.
You visited 1 branch of the dungeon, and saw 3 of its levels.

You collected 265 gold pieces.

Inventory:

Hand Weapons
 i - a +0 short sword of speed (weapon)
Missiles
 d - 2 silver javelins
Armour
 a - a +0 robe (worn)
Magical Staves
 q - a staff of air
Jewellery
 g - an amulet of reflection (around neck)
 s - a ring of see invisible (left hand)
Scrolls
 b - a scroll of poison {unknown}
 e - a scroll of fear {unknown}
 f - 3 scrolls of identify
 h - a scroll of teleportation {unknown}
 m - 2 scrolls of butterflies {unknown}
 r - a scroll of amnesia {unknown}
 u - a scroll of summoning {unknown}
Potions
 c - a potion of flight
 j - a potion of brilliance
 k - a potion of heal wounds {unknown}
 l - 2 potions of mutation {unknown}
 n - 3 potions of cancellation {unknown}
 o - a potion of curing {unknown}
 p - a potion of ambrosia {unknown}
 t - a potion of berserk rage {unknown}
 v - a potion of degeneration {unknown}
 w - a potion of haste {unknown}


   Skills:
 - Level 2.0 Fighting
 - Level 2.1 Dodging
 - Level 1.5 Stealth
 + Level 4.2 Spellcasting


You couldn't memorise any spells.
You knew the following spells:

 Your Spells              Type           Power      Damage    Failure   Level
a - Magic Dart            Conj           92%        1d7       1%          1
b - Searing Ray           Conj           46%        2d6       3%          2
c - Dazzling Flash        Conj/Hex       46%        N/A       6%          3
d - Fulminant Prism       Conj/Hex       11%        3d9       19%         4
e - Iskenderun's Mystic   Conj/Tloc      23%        2d6       19%         4
f - Sting                 Tmut/Pois      92%        1d7       1%          1
Your spell library was empty.

Dungeon Overview and Level Annotations

Branches:
Dungeon (3/15)

Altars:
Gozag
Nemelex Xobeh
Yredelemnul


Innate Abilities, Weirdness & Mutations

You are immune to sickness and miasma.
You are immune to poison.
Your flesh is very heat resistant. (rF++)
You are vulnerable to cold. (rC-)
You float through the air rather than walking.
You learn spells naturally, not from books.
Your magical power is your life essence.
You have superior vitality. (+4 MHP)


Message History

The magic dart hits the centaur but does no damage.
The centaur wields a +0 shortbow.
The centaur shoots an arrow.
The arrow hits you!
A centaur is nearby!
A centaur is nearby!
A centaur is nearby!
Casting: Magic Dart (safe; 1% risk of failure)
Confirm with . or Enter, or press ? or * to list all spells.
Aiming: Magic Dart (safe; 1% risk of failure)
Press: ? - help, Shift-Dir - straight line, f/p - centaur
Aim: a centaur, wielding a +0 shortbow (100% to hit)
The magic dart hits the centaur.
The centaur is moderately wounded.
The centaur shoots an arrow.
The arrow hits you!
* * * LOW HITPOINT WARNING * * *
The centaur shoots an arrow.
You reflect the arrow off an invisible shield around you!
The arrow hits the centaur!
It was a potion of flight.
You feel more buoyant.
As you read the scroll labelled IREG YDOATY, it crumbles to dust.
It is a scroll of identify.
j - a potion of brilliance The centaur shoots an arrow.
The arrow barely misses you.
Okay, then.
You aren't carrying any items that you can evoke.
Unknown command.
Okay, then.
Okay, then.
Casting: Magic Dart (safe; 1% risk of failure)
Confirm with . or Enter, or press ? or * to list all spells.
Aiming: Magic Dart (safe; 1% risk of failure)
Press: ? - help, Shift-Dir - straight line, f/p - centaur
Aim: a centaur, wielding a +0 shortbow (almost dead, 100% to hit)
The magic dart hits the centaur but does no damage.
The centaur is almost dead.
* * * LOW HITPOINT WARNING * * *
The centaur shoots an arrow.
The arrow hits you!
You die...
Your body crumbles into a pile of gold.

## #................
#...###.#.###.###.#[#.#
........#...#.#...#.#.#
##.#####.###.#.#.###....
...........#.#.#.#....##
#.######._........._.##.
#.####.....#.#.#.#...#..
#[.......###.#.#.###....
######@.#...#.#...#....
##$#.###.###.#....
.........$.......
#....?#######..##.
#.#c### #..##. .. ..
...... #. .## .###### c.
.# ##


You could see a centaur.

Vanquished Creatures
  A gnoll (D:1)
  3 adders (D:2)
  A dart slug (D:2)
  An orc (D:2)
  5 bats
  4 endoplasms
  5 giant cockroaches
  5 goblins
  4 hobgoblins
  2 jackals (D:2)
  3 quokkas
  3 ball pythons
  2 frilled lizards
  3 rats
42 creatures vanquished.

Notes
Turn   | Place    | Note
-------+----------+-------------------------------------------
     0 | D:1      | enile the Djinni Conjurer began the quest for the Orb.
     0 | D:1      | enile set off with the following spells memorised: Magic
                  | Dart, Searing Ray, Dazzling Flash, Fulminant Prism,
                  | Iskenderun's Mystic Blast.
     0 | D:1      | Reached XP level 1. HP: 15/15 MP: 0/0
   131 | D:1      | Reached skill level 1 in Fighting
   207 | D:1      | Reached XP level 2. HP: 19/22 MP: 0/0
   708 | D:1      | Reached XP level 3. HP: 24/28 MP: 0/0
   708 | D:1      | Learned a level 1 spell: Sting
  1251 | D:2      | Found a faded altar of an unknown god.
  1290 | D:2      | Prayed at the altar of an unknown god.
  1290 | D:2      | Became a worshipper of Gozag Ym Sagoz the Greedy
  1393 | D:2      | Reached XP level 4. HP: 11/33 MP: 0/0
  1794 | D:2      | Reached skill level 4 in Spellcasting
  2718 | D:3      | Found a basalt altar of Yredelemnul.
  2749 | D:3      | Found a sparkling altar of Nemelex Xobeh.
  2778 | D:3      | Noticed a centaur
  2784 | D:3      | Shot with an arrow by a centaur

Illustrated notes

Levels and vault maps discovered:
D:1:      minmay_arrival_hallway, layout_basic
D:2:      layout_basic, ebering_ecumenical_altar_abandoned, chequers_garden,
          minmay_puff
D:3:      layout_rooms, mainiacjoe_overflow_large_starburst, uniq_grinder,
          uniq_natasha

Skill      XL: |  1  2  3  4 |
---------------+-------------+-----
Fighting       | 1 2 |  2.0
Spellcasting   | 4 |  4.2
Dodging        | |  2.1
Stealth        | |  1.5

Action                   |  1- 3 |  4- 6 || total
-------------------------+-------+-------++-------
 Cast: Magic Dart        |    61 |    31 ||    92
       Searing Ray       |       |     2 ||     2
  Use: Scroll            |       |     1 ||     1
       Potion            |       |     1 ||     1
Armor: Robe              |     3 |       ||     3
Dodge: Dodged            |     8 |     7 ||    15
Block: Other             |       |     1 ||     1
       Reflection        |       |     1 ||     1

Table legend: (Time is in decaauts)
 A = Elapsed time spent in this place.
 B = Non-inter-level travel time spent in this place.
 C = Inter-level travel time spent in this place.
 D = Time resting spent in this place.
 E = Time spent auto-exploring this place.
 F = Levels seen in this place.
 G = Mean time per level.
                   A        B        C        D        E       F      G
               +--------+--------+--------+--------+--------+-----+--------+
         Total |   2782 |   2675 |    107 |      0 |   2362 |   3 |  927.3 |
       Dungeon |   2782 |   2675 |    107 |      0 |   2362 |   3 |  927.3 |
               +--------+--------+--------+--------+--------+-----+--------+

Top non-repeatable levels by time:
     D:2: 1530 daAuts
     D:1: 1181 daAuts
     D:3: 70 daAuts
